 Dungeon Crawl Stone Soup version 0.25.0-37-gb73750e0fb (webtiles) character file.

Game seed: 6002273176021971091

767 ANON1729 the Firebug (level 7, -15/49 HPs)
             Began as a Barachi Fire Elementalist on July 9, 2020.
             Was an Initiate of Vehumet.
             Killed from afar by an orc priest (18 damage)
             ... with a bolt of acid
             ... on level 4 of the Dungeon.
             The game lasted 00:14:38 (5518 turns).

ANON1729 the Firebug (Barachi Fire Elementalist)    Turns: 5518, Time: 00:14:38

Health: -15/49     AC:  0    Str:  9    XL:     7   Next: 82%
Magic:  12/12      EV: 13    Int: 18    God:    Vehumet [......]
Gold:   129        SH:  0    Dex: 12    Spells: 5/13 levels left

rFire    . . .     SeeInvis .   m - +1 dagger (venom)
rCold    . . .     Gourm    .   (no shield)
rNeg     . . .     Faith    .   a - +0 robe
rPois    .         Spirit   .   (no helmet)
rElec    .         Reflect  .   y - +0 cloak
rCorr    .         Harm     .   (no gloves)
MR       .....                  o - +0 pair of boots
Stlth    ++........             (no amulet)
HPRegen  0.16/turn              (no ring)
MPRegen  0.13/turn              (no ring)

@: corroded, very slightly contaminated, slow
A: +LOS, swims, slowness 1, strong legs 1
a: Hop, Renounce Religion


You were on level 4 of the Dungeon.
You worshipped Vehumet.
Vehumet was noncommittal.
You were not hungry.

You visited 2 branches of the dungeon, and saw 5 of its levels.
You also visited: Sewer.

You collected 129 gold pieces.

Inventory:

Hand Weapons
 m - a +1 dagger of venom (weapon)
 x - a +3 quarterstaff of chaos
Armour
 a - a +0 robe (worn)
 o - a +0 pair of boots (worn)
 y - a +0 cloak (worn)
 B - a +0 pair of boots
Jewellery
 d - an uncursed amulet of guardian spirit
 q - an uncursed ring of protection from fire {unknown}
 v - an uncursed ring of fire {unknown}
Scrolls
 b - 3 scrolls of identify {unknown}
 e - 2 scrolls of remove curse {unknown}
 f - 2 scrolls of teleportation {unknown}
 i - 5 scrolls of amnesia {unknown}
 s - a scroll of random uselessness {unknown}
Potions
 g - 2 potions of heal wounds {unknown}
 h - 2 potions of mutation {unknown}
 j - 4 potions of lignification {unknown}
 k - 2 potions of curing {unknown}
 l - 2 potions of magic
 n - a potion of haste
 p - a potion of brilliance {unknown}
 r - 3 potions of flight {unknown}
 t - 3 potions of cancellation {unknown}
 u - a potion of berserk rage {unknown}
 z - 2 potions of invisibility {unknown}
Comestibles
 c - 5 rations
 w - a chunk of flesh


   Skills:
 + Level 1.9 Fighting
 + Level 2.0 Armour
 + Level 3.9 Dodging
 - Level 3.0 Stealth
 + Level 3.7 Spellcasting
 * Level 4.6 Conjurations
 * Level 5.8 Fire Magic


You had 5 spell levels left.
You knew the following spells:

 Your Spells              Type           Power        Failure   Level  Hunger
a - Foxfire               Conj/Fire      ###.         1%          1    None
b - Conjure Flame         Conj/Fire      ###.....     5%          3    ###....
c - Sticky Flame          Conj/Fire      ###.....     17%         4    ####...

Your spell library contained the following spells:

 Spells                   Type           Power        Failure   Level  Hunger
 Inner Flame              Hex/Fire       ##......     14%         3    ###....
 Animate Skeleton         Necr           N/A          16%         1    None
 Apportation              Tloc           #.....       16%         1    None
 Corona                   Hex            #......      16%         1    None
 Summon Small Mammal      Summ           #...         16%         1    None
 Fireball                 Conj/Fire      ###.......   43%         5    ######.


Dungeon Overview and Level Annotations

Branches:
Dungeon (4/15)             Temple (1/1) D:4           Sewer (visited)

Altars:
Ashenzari
Cheibriados
Dithmenos
Elyvilon
Fedhas
Gozag
Hepliaklqana
Kikubaaqudgha
Makhleb
Okawaru
Qazlal
Ru
Sif Muna
Trog
Uskayaw
Vehumet
Wu Jian
Yredelemnul
Zin
The Shining One

Annotations:
D:4 1 runed translucent door, dengdeng's ghost, amateur MiBe


Innate Abilities, Weirdness & Mutations

You can be seen from farther away. (+LOS)
You can swim through water.
You cover ground slowly.
You can hop short distances.


Message History

An orc priest comes into view. It is carrying a wand of acid (9).
The foxfire hits the orc wizard but does no damage. x2
The orc wizard casts a spell.
The orc wizard blinks!
Casting: Foxfire (safe; 1% risk of failure)
Confirm with . or Enter, or press ? or * to list all spells.
You conjure some foxfire!
The orc priest zaps a wand.
The bolt of acid hits you!
* * * LOW HITPOINT WARNING * * *
The acid corrodes you!
You are splashed with acid!
* * * LOW HITPOINT WARNING * * *
It was a potion of magic.
Magic courses through your body.
The foxfire hits the orc priest.
The orc priest is lightly wounded.
The foxfire hits the orc priest but does no damage.
The orc priest is lightly wounded.
The orc wizard points at you and mumbles some strange words.
You resist with some effort.
The orc priest zaps a wand.
The bolt of acid hits you!!
You die...

#...##W##..########.#
..#..###..## #.#
##...).# ##.# #..#####
##... .###)###.####.##
#.... ....)o.o..)....##
#.... .##.#######)....##
##.#..
##o).....####.....
#@................
##§......####...#†
###.o...##.....##.
#......###÷######.
#.###.####÷## #.
#######.###)###...## #.
#...........##.....## #.
#.....≈.....#.......###.
#...≈≈≈≈≈.≈...........#.


You could see an orc priest and an orc wizard (fast).

Vanquished Creatures
  A hungry ghost (D:3)
  A big kobold (Sewer)
  3 vampire bats (D:3)
  A hound (D:4)
  An orc priest (D:3)
  A jelly (D:3)
  Crazy Yiuf (D:3)
  A bullfrog skeleton (D:4)
  An orc wizard (D:4)
  Jessica (D:2)
  Terence (D:3)
  A hound skeleton (D:4)
  6 adders
  5 river rats
  An ooze (D:1)
  An adder skeleton (D:4)
  5 worms
  A dart slug (D:1)
  3 leopard geckos
  10 orcs
  4 bat skeletons (D:3)
  2 bat zombies (D:3)
  3 giant cockroaches
  8 goblins
  5 hobgoblins
  8 jackals
  2 ball pythons (D:3)
  4 bats (D:1)
  4 frilled lizards
  9 kobolds
  9 rats
104 creatures vanquished.

Vanquished Creatures (collateral kills)
  A rat (D:1)
1 creature vanquished.

Vanquished Creatures (others)
  221 foxfires
221 creatures vanquished.

Grand Total: 326 creatures vanquished

Notes
Turn   | Place    | Note
-------+----------+-------------------------------------------
     0 | D:1      | ANON1729 the Barachi Fire Elementalist began the quest for
                  | the Orb.
     0 | D:1      | Reached XP level 1. HP: 13/13 MP: 3/3
   483 | D:1      | Reached XP level 2. HP: 18/19 MP: 0/5
  1136 | D:1      | Reached XP level 3. HP: 14/24 MP: 1/6
  1406 | D:2      | Noticed Jessica
  1416 | D:2      | Killed Jessica
  1756 | D:2      | Reached XP level 4. HP: 14/30 MP: 4/8
  1976 | D:2      | Learned a level 3 spell: Conjure Flame
  1981 | D:2      | Learned a level 4 spell: Sticky Flame
  2285 | D:2      | Reached skill level 4 in Fire Magic
  2310 | D:2      | Found a glowing silver altar of Zin.
  2430 | D:3      | HP: 1/30 [jackal (3)]
  2443 | D:3      | Noticed Terence
  2856 | D:3      | Reached XP level 5. HP: 35/35 MP: 4/9
  3043 | D:3      | Killed Terence
  3468 | D:3      | Found an ancient bone altar of Kikubaaqudgha.
  3479 | D:3      | Reached XP level 6. HP: 29/41 MP: 5/10
  3633 | D:3      | Found a runed translucent door.
  3634 | D:3      | Noticed Crazy Yiuf
  3768 | D:3      | Reached skill level 5 in Fire Magic
  4179 | D:3      | Noticed a hungry ghost
  4198 | D:3      | Killed a hungry ghost
  4198 | D:3      | Reached skill level 1 in Armour
  4198 | D:3      | Reached XP level 7. HP: 32/47 MP: 6/12
  4521 | D:3      | Killed Crazy Yiuf
  4521 | D:3      | Reached skill level 1 in Fighting
  4719 | D:4      | Noticed dengdeng's ghost (amateur MiBe)
  4726 | D:4      | Found a runed translucent door.
  4865 | D:4      | Found a staircase to the Ecumenical Temple.
  4886 | Temple   | Entered the Ecumenical Temple
  5026 | Temple   | Became a worshipper of Vehumet
  5173 | D:4      | Found a glowing drain.
  5179 | Sewer    | Entered a sewer
  5414 | Sewer    | Found a glowing silver altar of Zin.
  5518 | D:4      | Killed from afar by an orc priest

Illustrated notes

Levels and vault maps discovered:
D:1:      dpeg_arrival_round_a, layout_basic
D:2:      layout_basic, zin_statuary, first_ration, uniq_jessica
D:3:      layout_basic, kennysheep_vampire_church, minmay_misc_feat_x,
          uniq_terence, uniq_crazy_yiuf_cottage
D:4:      layout_loops_ring, lightli_sewer_entry_pipes,
          hellmonk_ghost_happy_afterlife
Temple:   dpeg_five_rooms_temple

Skill      XL: |  1  2  3  4  5  6  7 |
---------------+----------------------+-----
Stealth        | 2 3 |  3.0
Conjurations   | 2 3 4 |  4.6
Fire Magic     | 4 5 |  5.8
Dodging        | 3 |  3.9
Spellcasting   | 3 |  3.7
Armour         | 1 2 |  2.0
Fighting       | 1 |  1.9

Action                   |  1- 3 |  4- 6 |  7- 9 || total
-------------------------+-------+-------+-------++-------
Melee: Unarmed           |    20 |       |       ||    20
       Dagger            |    16 |    52 |    30 ||    98
 Cast: Foxfire           |    39 |    65 |    46 ||   150
       Conjure Flame     |       |     1 |     1 ||     2
       Sticky Flame      |       |       |     3 ||     3
 Abil: Hop               |       |     3 |     1 ||     4
Evoke: Wand              |       |       |     4 ||     4
  Use: Potion            |       |       |     1 ||     1
 Stab: Sleeping          |       |     3 |     2 ||     5
  Eat: Chunk             |     1 |     4 |     6 ||    11
       Ration            |     1 |     2 |       ||     3
Armor: Robe              |     8 |    27 |    15 ||    50
Dodge: Dodged            |    40 |    78 |    54 ||   172
